 Dungeon Crawl Stone Soup version 0.29-a0-830-gcb1280458a (webtiles) character file.

Game seed: 10316956441595783200

132 kyalle the Trooper (level 4, 0/41 HPs)
             Began as a Minotaur Fighter on July 11, 2022.
             Succumbed to Sigmund's poison
             ... on level 2 of the Dungeon.
             The game lasted 00:04:23 (1841 turns).

kyalle the Trooper (Minotaur Fighter)               Turns: 1841, Time: 00:04:24

Health: 0/41       AC:  7    Str: 22    XL:     4   Next: 92%
Magic:  3/3        EV:  9    Int:  5    God:
Gold:   54         SH:  4    Dex: 10    Spells: 3/3 levels left

rFire   . . .      SeeInvis .   a - +0 war axe
rCold   . . .      Faith    .   c - +0 buckler
rNeg    . . .      Spirit   .   b - +0 scale mail
rPois   .          Reflect  .   (helmet restricted)
rElec   .          Harm     .   (no cloak)
rCorr   .          Rampage  .   (no gloves)
Will    .....                   (no boots)
Stlth   ..........              (no amulet)
HPRegen 0.13/turn               (no ring)
MPRegen 0.08/turn               (no ring)

@: lethally poisoned (0 -> -11), slowed, very slow
A: horns 2, retaliatory headbutt
a: no special abilities


You were on level 2 of the Dungeon.
You visited 1 branch of the dungeon, and saw 2 of its levels.

You collected 54 gold pieces.

Inventory:

Hand Weapons
 a - a +0 war axe (weapon)
Armour
 b - a +0 scale mail (worn)
 c - a +0 buckler (worn)
Jewellery
 l - a ring of fire
Wands
 p - a wand of flame (16)
Scrolls
 e - a scroll of fog {unknown}
 f - a scroll of magic mapping {unknown}
 g - 2 scrolls of teleportation {unknown}
 i - a scroll of blinking {unknown}
 j - a scroll of amnesia {unknown}
 m - 2 scrolls of poison {unknown}
 q - a scroll of brand weapon {unknown}
Potions
 d - a potion of might
 h - 3 potions of curing {unknown}
 k - a potion of haste {unknown}
 n - a potion of mutation {unknown}
 o - a potion of invisibility {unknown}


   Skills:
 * Level 4.9 Fighting
 * Level 4.0 Axes
 + Level 4.3 Armour
 + Level 4.3 Shields


You had 3 spell levels left.
You didn't know any spells.
Your spell library was empty.

Dungeon Overview and Level Annotations

Branches:
Dungeon (2/15)

Altars:

Annotations:
D:2 Sigmund


Innate Abilities, Weirdness & Mutations

You have a pair of horns on your head.
You reflexively headbutt those who attack you in melee.


Message History

You feel yourself slow down.
You hit Natasha.
Natasha is moderately wounded.
Natasha casts a spell at you.
You feel as though you will be slow longer.
Natasha closely misses you. You furiously retaliate!
You headbutt Natasha! You closely miss Natasha.
Natasha is almost dead.
Natasha claws you but does no damage. You block Natasha's attack.
You closely miss Natasha. You headbutt Natasha.
You kill Natasha!
You feel Natasha's spirit has finally been put to rest.
Your Axes skill increases to level 4!
p - a wand of flame (16)
q - a scroll labelled DEIP SUMOTEW Sigmund the Dreaded comes into view.
He is wielding a +0 scythe of venom.
Sigmund shouts!
Found 2 poisoned darts.
Sigmund casts a spell.
Sigmund flickers and vanishes!
Deactivating autopickup; reactivate with Ctrl-A.
Something hits you.
You closely miss something.
Something hits you but does no damage. x2
You are poisoned.
You closely miss something.
You feel very sick. Something hits you but does no damage.
You slash something! Your headbutt misses something.
You feel sick. Something hits you!
You are more poisoned.
You miss something.
You feel extremely sick. Something hits you!
* * * LOW HITPOINT WARNING * * *
You hear some strange, mumbled words.
A magic dart appears from out of thin air!
The magic dart hits you!
* * * LOW HITPOINT WARNING * * *
You miss something. You headbutt something!
You die...

#...#.....###....
#..........##.###
##..##.....# #.# #
..........####.###
#................. #
#.#####..#######.#
#.##.#####..# #.#
...#...........# #.#
#.....@#####..# #.#
#....{....##..# ##.#
#(.##...#.##..# #..#
... ..... ##..# #.##
##..#.....#....# #.##
#..#......##.#######.#.
#..##...#.##.###.#.#.#.
#..######.##.##........
###..# #.##.###.#.#.#.


There were no monsters in sight!

Vanquished Creatures
  Natasha (thrice) (D:2)
  An adder (D:2)
  A gnoll (D:1)
  2 dart slugs (D:1)
  An orc (D:2)
  6 ball pythons
  An endoplasm (D:1)
  3 giant cockroaches (D:1)
  5 goblins
  3 hobgoblins (D:1)
  5 bats
  A frilled lizard (D:2)
  2 kobolds (D:1)
  2 rats (D:1)
36 creatures vanquished.

Vanquished Creatures (others)
  7 plants (D:1)
7 creatures vanquished.

Grand Total: 43 creatures vanquished

Notes
Turn   | Place    | Note
-------+----------+-------------------------------------------
     0 | D:1      | kyalle the Minotaur Fighter began the quest for the Orb.
     0 | D:1      | Reached XP level 1. HP: 19/19 MP: 0/0
    47 | D:1      | You fall into a shaft and drop 1 floor!
   352 | D:1      | Reached XP level 2. HP: 27/27 MP: 1/1
   806 | D:1      | Reached XP level 3. HP: 23/33 MP: 2/2
  1445 | D:2      | Noticed Natasha
  1451 | D:2      | Killed Natasha
  1452 | D:2      | Reached XP level 4. HP: 19/41 MP: 3/3
  1725 | D:2      | Found a faded altar of an unknown god.
  1747 | D:2      | Noticed Natasha
  1752 | D:2      | Killed Natasha
  1814 | D:2      | Noticed Natasha
  1820 | D:2      | Killed Natasha
  1833 | D:2      | Noticed Sigmund
  1841 | D:2      | Succumbed to Sigmund's poison

Illustrated notes

Levels and vault maps discovered:
D:1:      dpeg_arrival_snail, layout_loops_ring, hangedman_decor_push,
          chequers_serial_rivers_marsh, corexii_leaking_fountain,
          minmay_misc_feat_x, chequers_big_river, minmay_hedge_maze
D:2:      layout_loops_ring, ebering_ecumenical_altar_rust, st_stairs_12,
          uniq_sigmund, uniq_natasha

Skill      XL: |  1  2  3  4 |
---------------+-------------+-----
Fighting       | 4 |  4.9
Axes           | 3 4 |  4.0
Shields        | 4 |  4.3
Armour         | 4 |  4.3

Action                   |  1- 3 |  4- 6 || total
-------------------------+-------+-------++-------
Melee: War axe           |    68 |    21 ||    89
       Headbutt          |     9 |     3 ||    12
Armor: Scale mail        |    38 |    11 ||    49
Dodge: Dodged            |    35 |     5 ||    40
Block: Buckler           |    20 |     4 ||    24

Table legend: (Time is in decaauts)
 A = Elapsed time spent in this place.
 B = Non-inter-level travel time spent in this place.
 C = Inter-level travel time spent in this place.
 D = Time resting spent in this place.
 E = Time spent auto-exploring this place.
 F = Levels seen in this place.
 G = Mean time per level.
                   A        B        C        D        E       F      G
               +--------+--------+--------+--------+--------+-----+--------+
         Total |   1907 |   1765 |    142 |      0 |   1362 |   2 |  953.5 |
       Dungeon |   1907 |   1765 |    142 |      0 |   1362 |   2 |  953.5 |
               +--------+--------+--------+--------+--------+-----+--------+

Top non-repeatable levels by time:
     D:1: 1367 daAuts
     D:2: 540 daAuts
